2941 views
Uploaded 2020-02-15 14:50:07
Game version 1.32 / 1.32.1
4:39 long 4on4 ladder game on (8)GoldRush
Saved by TALONSARIMBA
2941 views
Uploaded 2020-02-15 14:50:07
Game version 1.32 / 1.32.1
4:39 long 4on4 ladder game on (8)GoldRush


46 units @ 5.7k
/ 0.6k
33 buildings @ 4.3k
/ 1.1k

| Peasant | 5 | 375 | / | 0 |
| total: | 5 | 375g | / | 0w |
| Farm | 1 | 80 | / | 20 |
| Altar of Kings | 1 | 180 | / | 50 |
| total: | 2 | 260g | / | 70w |
| 0:02 | Peasant |
| 0:02 | Peasant |
| 0:07 | Peasant |
| 0:11 | Farm |
| 0:13 | Altar of Kings |
| 0:38 | Peasant |
| 1:18 | Peasant |
| 3:12 | Holy Light |
| Right click | 132 |
| Resource trade | 80 |
| Select | 50 |
| Build/train/purchase | 17 |
| Chat | 11 |
| Use ability | 2 |
| Misc. action | 1 |
| Minimap ping | 1 |

| Peon | 5 | 375 | / | 0 |
| Troll Headhunter | 9 | 1260 | / | 180 |
| total: | 14 | 1635g | / | 180w |
| Altar of Storms | 1 | 180 | / | 50 |
| War Mill | 1 | 205 | / | 0 |
| Barracks | 1 | 180 | / | 50 |
| Orc Burrow | 2 | 320 | / | 80 |
| Voodoo Lounge | 1 | 130 | / | 30 |
| total: | 6 | 1015g | / | 210w |
| 0:05 | Altar of Storms |
| 0:08 | War Mill |
| 0:09 | Peon |
| 0:27 | Barracks |
| 0:41 | Peon |
| 1:07 | Orc Burrow |
| 1:16 | Peon |
| 1:33 | Peon |
| 1:57 | Troll Headhunter |
| 2:03 | Orc Burrow |
| 2:17 | Troll Headhunter |
| 2:31 | Voodoo Lounge |
| 2:44 | Troll Headhunter |
| 3:02 | War Stomp |
| 3:04 | Troll Headhunter |
| 3:08 | Peon |
| 3:20 | Troll Headhunter |
| 3:39 | Troll Headhunter |
| 3:51 | Troll Headhunter |
| 4:15 | Troll Headhunter |
| 4:25 | Troll Headhunter |
| 4:29 | Endurance Aura |
| Right click | 351 |
| Select | 155 |
| Select group | 59 |
| Misc. action | 29 |
| Build/train/purchase | 23 |
| Chat | 20 |
| Assign group | 7 |

| Peasant | 11 | 825 | / | 0 |
| Rifleman | 8 | 1640 | / | 240 |
| total: | 19 | 2465g | / | 240w |
| Scout Tower | 2 | 60 | / | 40 |
| Arcane Tower | 3 | 210 | / | 150 |
| Altar of Kings | 1 | 180 | / | 50 |
| Blacksmith | 1 | 140 | / | 60 |
| Farm | 9 | 720 | / | 180 |
| Barracks | 3 | 480 | / | 180 |
| Lumber Mill | 1 | 120 | / | 0 |
| total: | 17 | 1700g | / | 510w |
| 0:02 | Peasant |
| 0:02 | Peasant |
| 0:19 | Altar of Kings |
| 0:22 | Peasant |
| 0:30 | Peasant |
| 0:36 | Blacksmith |
| 0:39 | Peasant |
| 0:45 | Peasant |
| 0:48 | Farm |
| 0:51 | Peasant |
| 1:04 | Barracks |
| 1:12 | Barracks |
| 1:14 | Farm |
| 1:20 | Peasant |
| 1:28 | Peasant |
| 1:30 | Barracks |
| 1:36 | Peasant |
| 1:41 | Farm |
| 1:54 | Lumber Mill |
| 1:57 | Peasant |
| 2:06 | Farm |
| 2:08 | Rifleman |
| 2:19 | Black Gunpowder |
| 2:26 | Farm |
| 2:36 | Rifleman |
| 2:41 | Farm |
| 2:42 | Farm |
| 2:45 | Scout Tower |
| 2:48 | Scout Tower |
| 2:57 | Summon Water Elemental |
| 2:58 | Rifleman |
| 3:06 | Rifleman |
| 3:09 | Farm |
| 3:10 | Farm |
| 3:19 | Arcane Tower |
| 3:21 | Arcane Tower |
| 3:38 | Rifleman |
| 4:02 | Rifleman |
| 4:02 | Rifleman |
| 4:28 | Rifleman |
| Right click | 180 |
| Select | 102 |
| Build/train/purchase | 27 |

| Rod of Necromancy | 1 | 150 |
| Dust of Appearance | 1 | 75 |
| total: | 2 | 225g |
| Acolyte | 2 | 150 | / | 0 |
| Ghoul | 2 | 240 | / | 0 |
| Crypt Fiend | 4 | 860 | / | 160 |
| total: | 8 | 1250g | / | 160w |
| Nerubian Tower | 1 | 100 | / | 20 |
| Graveyard | 1 | 215 | / | 0 |
| Crypt | 1 | 200 | / | 50 |
| Altar of Darkness | 1 | 180 | / | 50 |
| Ziggurat | 4 | 600 | / | 200 |
| Tomb of Relics | 1 | 130 | / | 30 |
| total: | 8 | 1325g | / | 330w |
| 0:04 | Acolyte |
| 0:08 | Graveyard |
| 0:12 | Crypt |
| 0:18 | Acolyte |
| 0:41 | Altar of Darkness |
| 0:56 | Ziggurat |
| 0:57 | Ziggurat |
| 1:11 | Ziggurat |
| 1:23 | Ghoul |
| 1:51 | Crypt Fiend |
| 2:07 | Tomb of Relics |
| 2:21 | Crypt Fiend |
| 2:42 | Crypt Fiend |
| 2:52 | Nerubian Tower |
| 2:55 | Death Coil |
| 3:14 | Rod of Necromancy |
| 3:22 | Dust of Appearance |
| 3:37 | Ghoul |
| 3:43 | Ziggurat |
| 4:04 | Crypt Fiend |
| Right click | 71 |
| Select | 48 |
| Select group | 24 |
| Build/train/purchase | 16 |
| Misc. action | 8 |
| Assign group | 6 |
| Use ability | 1 |
38 units @ 3.5k
/ 0k
31 buildings @ 4.5k
/ 0.9k

| Healing Salve | 1 | 100 |
| Lesser Clarity Potion | 2 | 140 |
| Scroll of Speed | 1 | 50 |
| Circlet of Nobility | 1 | 175 |
| total: | 5 | 465g |
| Peon | 7 | 525 | / | 0 |
| total: | 7 | 525g | / | 0w |
| Altar of Storms | 2 | 360 | / | 100 |
| Orc Burrow | 3 | 480 | / | 120 |
| Voodoo Lounge | 2 | 260 | / | 60 |
| War Mill | 1 | 205 | / | 0 |
| Stronghold | 2 | 630 | / | 380 |
| total: | 8 | 1305g | / | 280w |
| 0:02 | Peon |
| 0:02 | Peon |
| 0:04 | Altar of Storms |
| 0:06 | Altar of Storms |
| 0:12 | Orc Burrow |
| 0:14 | Peon |
| 0:41 | Voodoo Lounge |
| 0:45 | Peon |
| 0:58 | Peon |
| 1:04 | Peon |
| 1:09 | Voodoo Lounge |
| 1:22 | Peon |
| 2:13 | Healing Salve |
| 2:13 | Lesser Clarity Potion |
| 2:13 | Lesser Clarity Potion |
| 2:14 | Scroll of Speed |
| 2:15 | Stronghold |
| 2:22 | Wind Walk |
| 2:27 | War Mill |
| 2:33 | Orc Burrow |
| 2:52 | Circlet of Nobility |
| 3:26 | Orc Burrow |
| Right click | 148 |
| Select | 79 |
| Select group | 61 |
| Build/train/purchase | 20 |
| Assign group | 4 |
| Minimap ping | 2 |
| Misc. action | 1 |
| Item give/drop | 1 |

| Peasant | 8 | 600 | / | 0 |
| Footman | 7 | 945 | / | 0 |
| total: | 15 | 1545g | / | 0w |
| Scout Tower | 2 | 60 | / | 40 |
| Guard Tower | 2 | 140 | / | 100 |
| Barracks | 1 | 160 | / | 60 |
| Altar of Kings | 1 | 180 | / | 50 |
| Farm | 4 | 320 | / | 80 |
| Lumber Mill | 1 | 120 | / | 0 |
| Arcane Vault | 1 | 130 | / | 30 |
| total: | 10 | 970g | / | 260w |
| 0:06 | Peasant |
| 0:06 | Peasant |
| 0:06 | Peasant |
| 0:24 | Barracks |
| 0:34 | Peasant |
| 0:40 | Altar of Kings |
| 0:56 | Farm |
| 1:00 | Peasant |
| 1:00 | Peasant |
| 1:00 | Peasant |
| 1:34 | Farm |
| 1:41 | Lumber Mill |
| 1:55 | Arcane Vault |
| 2:03 | Peasant |
| 2:12 | Farm |
| 2:13 | Footman |
| 2:13 | Footman |
| 2:51 | Farm |
| 2:54 | Scout Tower |
| 2:57 | Footman |
| 2:58 | Footman |
| 3:03 | Scout Tower |
| 3:23 | Guard Tower |
| 3:34 | Guard Tower |
| 3:45 | Storm Bolt |
| 3:53 | Footman |
| 3:53 | Footman |
| 4:04 | Footman |
| Select | 45 |
| Right click | 31 |
| Build/train/purchase | 19 |
| Select group | 13 |
| Assign group | 2 |
| Use ability | 2 |

| Healing Salve | 1 | 100 |
| Lesser Clarity Potion | 1 | 70 |
| total: | 2 | 170g |
| Peon | 7 | 525 | / | 0 |
| Grunt | 1 | 200 | / | 0 |
| Troll Headhunter | 2 | 280 | / | 40 |
| total: | 10 | 1005g | / | 40w |
| Altar of Storms | 1 | 180 | / | 50 |
| Orc Burrow | 2 | 320 | / | 80 |
| Voodoo Lounge | 1 | 130 | / | 30 |
| Barracks | 1 | 180 | / | 50 |
| War Mill | 1 | 205 | / | 0 |
| Stronghold | 1 | 315 | / | 190 |
| total: | 6 | 1015g | / | 210w |
| 0:03 | Peon |
| 0:05 | Altar of Storms |
| 0:07 | Orc Burrow |
| 0:10 | Peon |
| 0:26 | Peon |
| 0:47 | Peon |
| 0:49 | Voodoo Lounge |
| 1:02 | Peon |
| 1:15 | Peon |
| 1:20 | Orc Burrow |
| 1:36 | Peon |
| 1:46 | Barracks |
| 2:06 | Healing Salve |
| 2:07 | Lesser Clarity Potion |
| 2:09 | Wind Walk |
| 2:23 | War Mill |
| 2:54 | Stronghold |
| 3:14 | Grunt |
| 3:38 | Troll Headhunter |
| 4:01 | Troll Headhunter |
| Right click | 78 |
| Select group | 75 |
| Select | 62 |
| Build/train/purchase | 21 |
| Assign group | 6 |
| Misc. action | 3 |
| Use ability | 1 |

| Healing Salve | 1 | 100 |
| total: | 1 | 100g |
| Peon | 6 | 450 | / | 0 |
| total: | 6 | 450g | / | 0w |
| Altar of Storms | 1 | 180 | / | 50 |
| Orc Burrow | 3 | 480 | / | 120 |
| Voodoo Lounge | 1 | 130 | / | 30 |
| War Mill | 2 | 410 | / | 0 |
| Stronghold | 1 | 315 | / | 190 |
| total: | 7 | 1200g | / | 200w |
| 0:03 | Peon |
| 0:03 | Peon |
| 0:03 | Peon |
| 0:04 | Peon |
| 0:04 | Peon |
| 0:10 | Peon |
| 0:21 | Altar of Storms |
| 0:36 | Orc Burrow |
| 0:53 | Voodoo Lounge |
| 1:32 | Orc Burrow |
| 1:34 | Orc Burrow |
| 2:22 | War Mill |
| 2:41 | War Mill |
| 2:48 | Healing Salve |
| 3:05 | Mirror Image |
| 3:22 | Stronghold |
| Right click | 72 |
| Select | 43 |
| Build/train/purchase | 14 |
| Use ability | 1 |
| Minimap ping | 1 |
⇛